AoeStats
← Sea Shanty 2

Golden Pit

508936452Analyzed
1v1 RM · 8d ago on Sep 24, 2026· 66m 5s· 2 players
Game mode
Random Map
Map size
Tiny (2 player)
Population
200
Speed
Normal
Resources
Standard
Victory
Conquest
Starting age
Dark Age
Ending age
Imperial Age
RankedLock teamsTeams togetherTeam positionsShared explorationLock speedFull tech treeHidden civsTurbo modeCheats
Victory
Defeat
🇨🇱 Huns · Chile
1119
+17
🇬🇧 Berbers · United Kingdom
1137
-17
Chilote
9:26 Feudal Age
10:23 Double-Bit Axe
10:55 Loom
12:11 Horse Collar
14:54 Padded Archer Armor
17:58 Wheelbarrow
18:08 Fletching
18:42 Gold Mining
22:46 Castle Age
21:36 Forging
22:32 Town Watch
23:32 Scale Barding Armor
23:28 Scale Mail Armor
22:51 Pikeman
22:55 Crossbowman
24:43 Town Patrol
27:21 Squires
33:52 Murder Holes
36:32 Chain Mail Armor
37:51 Iron Casting
39:32 Hand Cart
43:26 Imperial Age
43:36 Scale Barding Armor
43:39 Cavalier
45:48 Husbandry
49:34 Thumb Ring
50:20 Leather Archer Armor
52:28 Chemistry
51:38 Heavy Plow
52:02 Halberdier
54:55 Ballistics
54:58 Conscription
55:01 Chain Barding Armor
54:54 Bloodlines
57:01 Bow Saw
57:53 Blast Furnace
57:28 Paladin
58:57 Plate Barding Armor
63:53 Bodkin Arrow
64:27 Parthian Tactics
63:24 Heavy Cavalry Archer
66:03 Bracer
Sea Shanty 2
2:23 Loom
10:13 Feudal Age
11:15 Double-Bit Axe
11:55 Horse Collar
20:24 Castle Age
18:46 Scale Barding Armor
20:03 Bloodlines
21:50 Husbandry
29:33 Town Watch
36:51 Imperial Age
34:59 Bow Saw
35:48 Forging
36:10 Fletching
39:12 Conscription
41:15 Hoardings
41:22 Wheelbarrow
42:39 Padded Archer Armor
43:24 Guilds
44:11 Heavy Plow
45:00 Gold Mining
45:59 Bodkin Arrow
51:21 Ballistics
51:32 Leather Archer Armor
52:34 Heavy Camel Rider
53:07 Light Cavalry
57:39 Masonry
59:53 Scale Mail Armor
59:55 Capped Ram
61:33 Chain Barding Armor
61:57 Iron Casting
Connection lost

Rejoining the realm…

Still unreachable

The connection could not be restored.

Session expired

The server has moved on; the page needs a fresh start.